 Dungeon Crawl Stone Soup version 0.29-a0-234-g0dae59b3db (webtiles) character file.

Game seed: 17465542197910638871

14365 HotDog the Severer (level 12, -4/105 HPs)
             Began as a Hill Orc Fighter on Mar 3, 2022.
             Was a Priest of the Shining One.
             Slain by a 16-headed hydra (8 damage)
             ... on level 2 of the Lair of Beasts.
             The game lasted 00:16:38 (18428 turns).

HotDog the Severer (Hill Orc Fighter)              Turns: 18428, Time: 00:16:38

Health: -4/105     AC: 19    Str: 27    XL:     12   Next: 15%
Magic:  15/18      EV:  9    Int: 14    God:    the Shining One [***...]
Gold:   579        SH: 20    Dex: 18    Spells: 11/11 levels left

rFire   . . .      SeeInvis .   E - +7 war axe "Demonbane" {vorpal, Fly Str+5}
rCold   . . .      Faith    .   J - +0 kite shield
rNeg    + . .      Spirit   .   I - +0 plate armour
rPois   .          Reflect  .   w - +0 helmet
rElec   .          Harm     .   k - +0 cloak
rCorr   .          Rampage  .   a - +0 pair of gloves
Will    .....                   (no boots)
Stlth   ..........              (no amulet)
HPRegen 0.27/turn               C - ring of Bygruzuk {Str-2 Int+6 Dex+8}
MPRegen 0.16/turn               (no ring)

@: mighty, divinely shielded, flying, glowing, studying Armour
A: no striking features
a: Renounce Religion, Divine Shield, Cleansing Flame


You were on level 2 of the Lair of Beasts.
You worshipped the Shining One.
The Shining One was most pleased with you.
You visited 4 branches of the dungeon, and saw 14 of its levels.
You also visited: Bailey.

You collected 579 gold pieces.

Inventory:

Hand Weapons
 E - the +7 war axe "Demonbane" (weapon) {vorpal, Fly Str+5}
   (You found it on level 7 of the Dungeon)

   It inflicts extra damage upon your enemies.
   Str:       It affects your strength (+5).
   Fly:       It grants you flight.
 F - a +0 broad axe
Missiles
 x - 3 throwing nets (quivered)
Armour
 a - a +0 pair of gloves (worn)
 k - a +0 cloak (worn)
 w - a +0 helmet (worn)
 I - a +0 plate armour (worn)
 J - a +0 kite shield (worn)
Jewellery
 j - a ring of fire
 C - the ring of Bygruzuk (left hand) {Str-2 Int+6 Dex+8}
   (You found it on level 7 of the Dungeon)

   [ring of intelligence]

   Str:       It affects your strength (-2).
   Int:       It affects your intelligence (+6).
   Dex:       It affects your dexterity (+8).
Wands
 b - a wand of flame (22)
 c - a wand of acid (5)
 y - a wand of charming (9)
 B - a wand of iceblast (3)
 H - a wand of polymorph (3)
Scrolls
 f - a scroll of enchant armour {unknown}
 i - 4 scrolls of magic mapping
 m - 3 scrolls of teleportation
 p - a scroll of identify
 s - 3 scrolls of enchant weapon
 t - 2 scrolls of blinking
 v - 3 scrolls of vulnerability
 z - 2 scrolls of amnesia
 A - a scroll of holy word
 D - 2 scrolls of noise
 G - a scroll of brand weapon {unknown}
Potions
 d - 4 potions of might
 e - 2 potions of brilliance
 g - a potion of resistance
 h - 5 potions of lignification
 l - 3 potions of degeneration
 n - 7 potions of curing
 o - 2 potions of flight


   Skills:
 * Level 9.6 Fighting
 * Level 15.2 Axes
 * Level 10.9 Armour
 * Level 5.0 Dodging
 * Level 7.6 Shields
 * Level 8.0 Invocations


You had 11 spell levels left.
You didn't know any spells.
Your spell library contained the following spells:

 Spells                   Type           Power      Damage    Failure   Level
 Beastly Appendage        Tmut           0%         N/A       99%         1
 Magic Dart               Conj           0%         1d3       99%         1
 Shock                    Conj/Air       0%         1d3       99%         1
 Static Discharge         Conj/Air       0%         N/A       100%        2
 Wereblood                Tmut           0%         N/A       100%        2
 Call Canine Familiar     Summ           0%         N/A       100%        3
 Conjure Flame            Conj/Fire      0%         6-21      100%        3
 Portal Projectile        Hex/Tloc       0%         N/A       100%        3
 Spider Form              Tmut/Pois      0%         N/A       100%        3
 Stone Arrow              Conj/Erth      0%         3d7       100%        3
 Swiftness                Air            0%         N/A       100%        3
 Airstrike                Air            0%         N/A       100%        4
 Animate Armour           Summ/Erth      0%         N/A       100%        4
 Dispel Undead            Necr           0%         3d6       100%        4
 Flame Wave               Conj/Fire      0%         2d4       100%        4
 Leda's Liquefaction      Hex/Erth       0%         N/A       100%        4
 Petrify                  Tmut/Erth      0%         N/A       100%        4
 Sticky Flame             Conj/Fire      0%         2d3       100%        4
 Fireball                 Conj/Fire      0%         3d3       100%        5
 Irradiate                Conj/Tmut      0%         3d13      100%        5
 Iskenderun's Battlesphe  Conj           0%         2d6       100%        5
 Metabolic Englaciation   Hex/Ice        0%         N/A       100%        5
 Conjure Ball Lightning   Conj/Air       0%         3x3d6     100%        6
 Statue Form              Tmut/Erth      0%         N/A       100%        6
 Orb of Destruction       Conj           0%         9d5       100%        7
 Lehudib's Crystal Spear  Conj/Erth      0%         10d2      100%        8


Dungeon Overview and Level Annotations

Branches:
Dungeon (10/15)            Temple (1/1) D:5            Lair (2/6) D:9
    Orc (1/2) D:9          Bailey (visited)
  Swamp: Lair:2-4    Shoals: Lair:2-4     Snake: Lair:2-4    Spider: Lair:2-4

Altars:
Ashenzari
Cheibriados
Dithmenos
Elyvilon
Fedhas
Gozag
Hepliaklqana
Kikubaaqudgha
Makhleb
Nemelex Xobeh
Okawaru
Qazlal
Ru
Sif Muna
Trog
Uskayaw
Vehumet
Wu Jian
Xom
Yredelemnul
The Shining One

Shops:
D:3 *

Annotations:
D:3 1 runed translucent door, Crazy Yiuf
D:5 1 runed translucent door, Colgate's ghost, novice SpEn
Orc:1 Sonja


Message History

You block the 14-headed hydra's attack.
The 14-headed hydra bites you but does no damage.
The 14-headed hydra bites you.
* * * LOW HITPOINT WARNING * * *
The 14-headed hydra barely misses you. The 14-headed hydra bites you.
* * * LOW HITPOINT WARNING * * *
You feel very mighty all of a sudden. The 14-headed hydra barely misses you.
The 14-headed hydra bites you but does no damage. x2
The 14-headed hydra bites you.
* * * LOW HITPOINT WARNING * * *
The 14-headed hydra bites you.
* * * LOW HITPOINT WARNING * * *
The 14-headed hydra bites you but does no damage.
You block the 14-headed hydra's attack. The 14-headed hydra bites you.
* * * LOW HITPOINT WARNING * * *
The 14-headed hydra bites you.
* * * LOW HITPOINT WARNING * * *
You block the 14-headed hydra's attack. x2; The 14-headed hydra bites you.
* * * LOW HITPOINT WARNING * * *
The 14-headed hydra bites you but does no damage. x2
You hack one of the 14-headed hydra's heads off!
The 13-headed hydra grows two more!
You slash the 15-headed hydra!
The 15-headed hydra is moderately wounded.
You block the 15-headed hydra's attack. x3
The 15-headed hydra bites you but does no damage.
The 15-headed hydra barely misses you. x2
The 15-headed hydra bites you but does no damage.
The 15-headed hydra closely misses you. You block the 15-headed hydra's attack.
The 15-headed hydra bites you but does no damage.
The 15-headed hydra bites you.
* * * LOW HITPOINT WARNING * * *
The 15-headed hydra bites you but does no damage.
The 15-headed hydra barely misses you. The 15-headed hydra closely misses you.
You block the 15-headed hydra's attack.
You slice one of the 15-headed hydra's heads off!
The 14-headed hydra grows two more!
You slash the 16-headed hydra!
The 16-headed hydra is heavily wounded.
You block the 16-headed hydra's attack. x2; The 16-headed hydra bites you!
You die...

......#.#.##..#..#P.......
....^...............#....?
..................<.......
..........................
......!........÷..........
....P.#...+###............
#...........#÷..........
#...........#.D†..P.....
.)..............@...#...$.
.....##.#..#....<.........
....................##P..P
.........................
..?......................
.............+##..P#.##
#P.##.................+.
## ##..................
#.................# ..


You could see a 16-headed hydra.

Vanquished Creatures
  A wizard (D:9)
  Pikel (D:6)
  2 orc knights (Bailey)
  A cyclops (D:9)
  Joseph (D:7)
  2 black mambas
  A gargoyle (D:7)
  A cane toad (Lair:2)
  A kobold demonologist (D:7)
  A rime drake (Lair:2)
  2 komodo dragons (Lair:1)
  2 trolls
  A hornet (D:7)
  14 yaks
  A wraith (D:7)
  A steam dragon (D:7)
  A vampire mosquito (D:10)
  Menkaure (D:7)
  A warg (D:9)
  An acid dragon (D:8)
  5 water moccasins
  3 sky beasts (D:7)
  2 ice beasts (D:7)
  14 orc warriors
  4 ogres
  2 black bears
  3 centaurs
  2 kobold brigands
  7 bullfrogs
  4 gnoll sergeants
  3 scorpions
  15 wights
  2 howler monkeys
  4 hounds
  4 jellies
  7 orc priests
  5 gnoll shamans
  7 iguanas
  10 orc wizards
  23 gnolls
  8 adders
  3 white imps (D:8)
  2 ufetubi
  2 worms (D:4)
  2 dart slugs (D:4)
  55 orcs
  8 ball pythons
  5 bats
  11 endoplasms
  3 giant cockroaches
  13 goblins
  2 hobgoblins
  3 quokkas
  3 frilled lizards (D:1)
  16 kobolds
  2 rats
301 creatures vanquished.

Vanquished Creatures (others)
  6 fungi
  5 plants (D:9)
11 creatures vanquished.

Grand Total: 312 creatures vanquished

Notes
Turn   | Place    | Note
-------+----------+-------------------------------------------
     0 | D:1      | HotDog the Hill Orc Fighter began the quest for the Orb.
     0 | D:1      | Reached XP level 1. HP: 19/19 MP: 1/1
   140 | D:1      | Reached XP level 2. HP: 11/27 MP: 2/2
   716 | D:1      | Reached skill level 3 in Axes
   717 | D:1      | Reached XP level 3. HP: 32/33 MP: 3/3
  1345 | D:2      | Found a faded altar of an unknown god.
  1545 | D:2      | Reached skill level 1 in Invocations
  1884 | D:3      | Found a glowing golden altar of the Shining One.
  1898 | D:3      | Became a worshipper of the Shining One
  2022 | D:3      | Reached XP level 4. HP: 40/40 MP: 4/4
  2092 | D:3      | Found a runed translucent door.
  2093 | D:3      | Noticed Crazy Yiuf
  2168 | D:3      | Found Kueb's Assorted Antiques.
  2757 | D:4      | Reached skill level 4 in Axes
  2837 | D:4      | Reached XP level 5. HP: 34/46 MP: 6/6
  2846 | D:4      | The Shining One protects you from harm!
  3255 | D:4      | Reached skill level 1 in Dodging
  3861 | D:4      | Found a shimmering blue altar of Sif Muna.
  3884 | D:4      | Reached skill level 5 in Axes
  3892 | D:4      | Reached XP level 6. HP: 7/53 MP: 7/7
  5075 | D:5      | Entered Level 5 of the Dungeon
  5104 | D:5      | Found a staircase to the Ecumenical Temple.
  5257 | D:5      | Reached XP level 7. HP: 47/60 MP: 8/8
  5258 | D:5      | Reached skill level 6 in Axes
  5356 | D:5      | Found a runed translucent door.
  5828 | D:5      | Reached skill level 5 in Armour
  5868 | D:5      | Reached skill level 5 in Fighting
  5996 | D:5      | Reached skill level 7 in Axes
  6001 | D:5      | Reached * piety under the Shining One
  6444 | D:5      | Reached XP level 8. HP: 49/68 MP: 10/10
  6561 | D:5      | Noticed Colgate's ghost (novice SpEn)
  6753 | D:6      | Reached skill level 8 in Axes
  7069 | D:6      | Got the Almanac of Combat Magic
  7081 | D:6      | Found an iron altar of Okawaru.
  7084 | D:6      | Noticed Pikel
  7098 | D:6      | Killed Pikel
  7099 | D:6      | Reached skill level 9 in Axes
  7099 | D:6      | Reached skill level 5 in Shields
  7495 | D:6      | Reached XP level 9. HP: 75/75 MP: 12/12
  8126 | D:7      | Noticed Joseph
  8129 | D:7      | Reached skill level 10 in Axes
  8674 | D:7      | Noticed Menkaure
  8678 | D:7      | Killed Menkaure
  8682 | D:7      | Identified the ring of Bygruzuk {Str-2 Int+6 Dex+8}
  9049 | D:7      | Reached skill level 5 in Invocations
  9596 | Temple   | Entered the Ecumenical Temple
  9786 | D:7      | Killed Joseph
 10078 | D:7      | Noticed a troll
 10090 | D:7      | Killed a troll
 10091 | D:7      | Reached skill level 11 in Axes
 10181 | D:6      | HP: 3/78 [orc warrior/+0 mace (13)]
 10186 | D:6      | Reached XP level 10. HP: 16/84 MP: 14/14
 11285 | D:7      | Found a shadowy altar of Dithmenos.
 11302 | D:7      | Found a sacrificial altar of Ru.
 11303 | D:7      | Found an opulent altar of Gozag.
 11305 | D:7      | Found a snail-covered altar of Cheibriados.
 11342 | D:7      | Noticed a gargoyle
 11355 | D:7      | Killed a gargoyle
 11356 | D:7      | Reached skill level 12 in Axes
 11611 | D:7      | Noticed a kobold demonologist
 11614 | D:7      | Noticed a rust devil
 11624 | D:7      | Killed a kobold demonologist
 11710 | D:7      | Identified the +7 war axe "Demonbane" {vorpal, Fly Str+5}
 11713 | D:7      | Reached ** piety under the Shining One
 12937 | D:8      | Reached skill level 13 in Axes
 12950 | D:8      | Reached XP level 11. HP: 66/94 MP: 14/16
 13059 | D:8      | Reached *** piety under the Shining One
 13168 | D:8      | Found a bloodstained altar of Trog.
 13348 | D:8      | Found a flagged portal.
 13361 | Bailey   | Entered a bailey
 13835 | Bailey   | Identified the +8 arbalest of Imminent Death {flame, rN++
                  | Will- Int+3 Dex+3}
 13836 | Bailey   | Noticed an orc knight
 13836 | Bailey   | Noticed an orc knight
 13844 | Bailey   | Killed an orc knight
 13847 | Bailey   | Killed an orc knight
 14934 | D:8      | Identified the +2 pair of boots "Etze" {+Blink Stlth+}
 15057 | D:8      | Found a broken altar of Ashenzari.
 15456 | D:9      | Found a stormy altar of Qazlal.
 15470 | D:9      | Reached skill level 14 in Axes
 15823 | D:9      | Identified the +7 short sword of Defiance {protect, rPois}
 16009 | D:9      | Noticed a wizard
 16028 | D:9      | Killed a wizard
 16051 | D:9      | Noticed a cyclops
 16052 | D:9      | Found a staircase to the Orcish Mines.
 16063 | D:9      | Killed a cyclops
 16267 | D:9      | Found a staircase to the Lair.
 16592 | D:10     | Entered Level 10 of the Dungeon
 16599 | D:10     | Noticed a two-headed ogre
 16600 | D:10     | Noticed a two-headed ogre
 16600 | D:10     | Noticed an orc knight
 16610 | D:10     | Noticed a white ugly thing
 16977 | Orc:1    | Entered Level 1 of the Orcish Mines
 16977 | Orc:1    | Noticed Sonja
 16998 | Lair:1   | Entered Level 1 of the Lair of Beasts
 16998 | Lair:1   | You are sucked into a shaft and drop 1 floor!
 17167 | Lair:2   | Reached skill level 10 in Armour
 17261 | Lair:2   | Noticed a four-headed hydra
 17807 | Lair:1   | Reached XP level 12. HP: 77/105 MP: 17/17
 17812 | Lair:1   | Reached skill level 15 in Axes
 17939 | Lair:1   | Reached skill level 5 in Dodging
 18424 | Lair:2   | HP: 3/105 [14-headed hydra (11)]
 18428 | Lair:2   | Slain by a 16-headed hydra

Illustrated notes

Levels and vault maps discovered:
D:1:      beargit_arrival_greenhouse, layout_basic
D:2:      layout_rooms, hellmonk_ecumenical_altar_blasted,
          chequers_serial_rivers_small_3
D:3:      layout_loops_ring, lemuel_round_altar, serial_shops,
          nicolae_lakefront_shop, uniq_crazy_yiuf_cottage
D:4:      minmay_chambers_of_threes, layout_cave_pods, old_standard_altar,
          minmay_misc_feat_more_columns, minmay_misc_feat_enclosed,
          grunt_decor_resistance
D:5:      layout_loops_corners, minmay_temple_entry_junction_2,
          ebering_ghost_sewer_d, guppyfry_early_orc_mine
D:6:      layout_loops_ring, mainiacjoe_overflow_brackets, uniq_pikel
D:7:      minmay_the_grid_octo_tiled_octocenter [minmay_the_grid_octo_shrine,
          minmay_the_grid_octo_toaster, minmay_the_grid_octo_fat_diamond,
          minmay_the_grid_octo_thin_diamonds, minmay_the_grid_octo_prize_big_c,
          minmay_the_grid_square_5x5_inner_i, minmay_the_grid_square_5x5_spiral,
          minmay_the_grid_square_5x5_inner_z,
          minmay_the_grid_square_5x5_checkered], layout_basic,
          minmay_misc_feat_doors, uniq_menkaure, uniq_joseph
D:8:      layout_basic, lemuel_round_altar, mainiacjoe_overflow_alcove_1,
          enter_bailey_4, kennysheep_donut, grunt_decor_junction, st_stairs_8,
          lemuel_flame_loot_1
D:9:      layout_gridville, general_overflow_altar,
          grunt_lair_entry_orc_guard_hut, david_orc_3
D:10:     cheibrodos_fzero, layout_basic, lemuel_doored_altar, zin_statuary,
          minmay_ruffians
Temple:   jpeg_temple_clearing
Lair:1:   layout_misc_corridors
Lair:2:   layout_chaotic_city
Orc:1:    layout_caves, uniq_sonja, uniq_nergalle

Skill      XL: |  1  2  3  4  5  6  7  8  9 10 11 12 |
---------------+-------------------------------------+-----
Fighting       | 4 5 6 8 9 |  9.6
Axes           | 3 4 5 7 9 11 13 14 15 | 15.2
Invocations    | 1 2 3 4 5 6 7 8 |  8.0
Armour         | 4 5 6 7 8 10 | 10.9
Dodging        | 1 2 3 4 5 |  5.0
Shields        | 4 5 6 7 |  7.6

Action                   |  1- 3 |  4- 6 |  7- 9 | 10-12 || total
-------------------------+-------+-------+-------+-------++-------
Melee: War axe           |    89 |   133 |   226 |   388 ||   836
Invok: Divine Shield     |       |       |     3 |     5 ||     8
       Cleansing Flame   |       |       |       |     1 ||     1
  Use: Scroll            |       |     6 |       |    13 ||    19
       Potion            |       |     2 |     1 |     7 ||    10
Armor: Scale mail        |    34 |    43 |     1 |       ||    78
       Skin              |       |     1 |       |       ||     1
       Chain mail        |       |       |   111 |    82 ||   193
       Plate armour      |       |       |       |   101 ||   101
Dodge: Dodged            |    39 |    63 |    70 |   143 ||   315
Block: Buckler           |    17 |    38 |    70 |    76 ||   201
       Kite shield       |       |       |       |   110 ||   110

Table legend: (Time is in decaauts)
 A = Elapsed time spent in this place.
 B = Non-inter-level travel time spent in this place.
 C = Inter-level travel time spent in this place.
 D = Time resting spent in this place.
 E = Time spent auto-exploring this place.
 F = Levels seen in this place.
 G = Mean time per level.
                   A        B        C        D        E       F      G
               +--------+--------+--------+--------+--------+-----+--------+
         Total |  18506 |  17871 |    635 |   4223 |  11444 |  15 | 1233.7 |
       Dungeon |  16063 |  15510 |    553 |   3143 |  10506 |  10 | 1606.3 |
        Temple |    114 |     96 |     18 |      0 |     84 |   1 |  114.0 |
          Lair |   1425 |   1361 |     64 |    350 |    854 |   2 |  712.5 |
  Orcish Mines |      1 |      1 |      0 |      0 |      0 |   1 |    1.0 |
        Bailey |    900 |    900 |      0 |    730 |      0 |   1 |  900.0 |
               +--------+--------+--------+--------+--------+-----+--------+

Top non-repeatable levels by time:
     D:7: 3185 daAuts
     D:6: 2877 daAuts
     D:4: 2479 daAuts
     D:8: 1652 daAuts
     D:5: 1643 daAuts
     D:9: 1532 daAuts
     D:1: 1285 daAuts
  Lair:1: 1122 daAuts
  Bailey: 900 daAuts
     D:3: 749 daAuts
     D:2: 633 daAuts
  Lair:2: 303 daAuts
  Temple: 114 daAuts
    D:10: 25 daAuts
   Orc:1: 1 daAuts
